 Dungeon Crawl Stone Soup version 0.24-a0-615-g751f86b5a9 (console) character file.

Game seed: 9178711461385965830, levelgen mode: deterministic

147 Hempel the Cudgeler (level 5, -5/53 HPs)
             Began as a Troll Monk on Sept 13, 2019.
             Shot with an arrow by a centaur (9 damage)
             ... on level 6 of the Dungeon.
             The game lasted 00:07:25 (1575 turns).

Hempel the Cudgeler (Troll Monk)                    Turns: 1575, Time: 00:07:26

Health: -5/53      AC:  6    Str: 20    XL:     5   Next: 8%
Magic:  4/4        EV: 11    Int:  6    God:
Gold:   132        SH:  0    Dex: 12    Spells: 4/4 levels left

rFire    . . .     SeeInvis .   a - +0 mace
rCold    . . .     Gourm    +   (no shield)
rNeg     . . .     Faith    .   b - +0 robe
rPois    .         Spirit   .   (helmet restricted)
rElec    .         Reflect  .   (no cloak)
rCorr    .         Harm     .   (gloves unavailable)
MR       .....                  (boots unavailable)
Stlth    ++........             (no amulet)
HPRegen  0.57/turn              (no ring)
MPRegen  0.09/turn              (no ring)

@: no status effects
A: large, unfitting armour, claws 3, fast metabolism 3, gourmand, regeneration
1, shaggy fur 1, tough skin 3
a: no special abilities


You were on level 6 of the Dungeon.
You were full.

You visited 1 branch of the dungeon, and saw 4 of its levels.

You collected 132 gold pieces.

Inventory:

Hand Weapons
 a - a +0 mace (weapon)
 h - a +0 whip of draining
   (You took it off a kobold on level 1 of the Dungeon)
Missiles
 m - 2 throwing nets (quivered) {!f}
Armour
 b - a +0 robe (worn)
 n - a +0 cloak
   (You found it on level 2 of the Dungeon)
Jewellery
 c - an uncursed amulet of harm {unknown}
   (You found it on level 1 of the Dungeon)
 s - an uncursed amulet of regeneration {unknown}
   (You found it on level 3 of the Dungeon)
Scrolls
 d - 2 scrolls of identify {unknown}
 f - a scroll of enchant weapon {unknown}
 g - a scroll of teleportation {unknown}
 j - a scroll of blinking {unknown}
 q - 5 scrolls of remove curse {unknown}
 r - a scroll of magic mapping {unknown}
Potions
 i - a potion of heal wounds {unknown}
 k - a potion of invisibility {unknown}
 l - 2 potions of agility {unknown}
 o - a potion of brilliance {unknown}
 p - a potion of berserk rage {unknown}
Comestibles
 e - 8 rations {!d}


   Skills:
 + Level 3.2 Fighting
 + Level 3.4 Maces & Flails
 + Level 3.2 Dodging
 + Level 1.7 Stealth


You had 4 spell levels left.
You didn't know any spells.
Your spell library was empty.

Dungeon Overview and Level Annotations

Branches:
Dungeon (3/15)

Altars:


Innate Abilities, Weirdness & Mutations

You are too large for most types of armour.
You have claws for hands.
Your metabolism is lightning-fast.
You like to eat raw meat.
Your natural rate of healing is unusually fast.
You are covered in fur. (AC +1)
You have extremely tough skin. (AC +3)


Message History

You hit the centaur. The centaur completely misses you. The centaur hits you.
A centaur is nearby!
A centaur is nearby!
A centaur is nearby!
You hit the centaur. The centaur barely misses you.
You barely miss the centaur. The centaur closely misses you.
The centaur hits you!
* * * LOW HITPOINT WARNING * * *
You are too injured to fight recklessly!
You are too injured to fight recklessly!
The centaur wields a +0 shortbow.
The centaur shoots an arrow.
The arrow closely misses you.
Unknown command.
The centaur shoots an arrow.
The arrow hits you.
* * * LOW HITPOINT WARNING * * *
The centaur shoots an arrow.
The arrow closely misses you.
You see here an arrow.
You hit the centaur.
The centaur unwields a +0 shortbow.
The centaur hits you.
* * * LOW HITPOINT WARNING * * *
The centaur hits you but does no damage.
The centaur hits you.
* * * LOW HITPOINT WARNING * * *
The centaur wields a +0 shortbow.
The centaur shoots an arrow.
The arrow completely misses you.
Items here: ( ) [ † an arrow; a +0 dagger; a +0 ring mail; a quokka corpse The centaur shoots an arrow.
The arrow barely misses you.
The centaur unwields a +0 shortbow.
The centaur closely misses you.
Items here: ( ) [ † an arrow; a +0 dagger; a +0 ring mail; a quokka corpse You hit the centaur but do no damage.
The centaur hits you.
* * * LOW HITPOINT WARNING * * *
The centaur hits you but does no damage.
The centaur wields a +0 shortbow.
The centaur shoots an arrow.
The arrow hits you!
* * * LOW HITPOINT WARNING * * *
You see here an arrow.
Unknown command.
You are too injured to fight recklessly!
You are too injured to fight recklessly!
The centaur unwields a +0 shortbow.
The centaur barely misses you.
Items here: ( ) [ † an arrow; a +0 dagger; a +0 ring mail; a quokka corpse You hit the centaur but do no damage.
The centaur closely misses you. x2
You barely miss the centaur. The centaur closely misses you.
The centaur barely misses you.
You hit the centaur. The centaur hits you.
* * * LOW HITPOINT WARNING * * *
The centaur hits you.
* * * LOW HITPOINT WARNING * * *
The centaur wields a +0 shortbow.
The centaur shoots an arrow.
The arrow hits you but does no damage.
You see here 2 arrows.
The centaur shoots an arrow.
The arrow closely misses you.
The centaur shoots an arrow.
The arrow hits you!
You die...

#§§. ..# #≈§. ..#
#≈§.## ... ##≈###....#
####>## ≈≈≈.......#
#(.... ..§.......#
#.##.#
.......).####(##.##.#
#..###(.(c........#
#......@###.##.##....#
######..# #.##... ###
#..# #........ #..#
####....%.. #..#
##.#.#.. #... .#.# .
##.## .# # #.#


You could see a centaur.

Vanquished Creatures
  A scorpion (D:6)
  2 adders
  2 shadow imps (D:6)
  An ooze (D:2)
  3 worms (D:2)
  A dart slug (D:1)
  A leopard gecko (D:2)
  An orc (D:6)
  4 giant cockroaches
  5 goblins
  3 hobgoblins
  4 jackals
  7 kobolds
  A quokka (D:6)
  A ball python (D:2)
  5 bats
  3 frilled lizards
  7 rats
52 creatures vanquished.

Notes
Turn   | Place    | Note
-------+----------+-------------------------------------------
     0 | D:1      | Hempel the Troll Monk began the quest for the Orb.
     0 | D:1      | Reached XP level 1. HP: 22/22 MP: 0/0
    13 | D:1      | Noticed a bullfrog
   144 | D:1      | Reached XP level 2. HP: 27/29 MP: 1/1
   510 | D:2      | Reached XP level 3. HP: 35/36 MP: 2/2
  1111 | D:2      | Reached XP level 4. HP: 36/44 MP: 3/3
  1476 | D:3      | You fall into a shaft and drop 3 floors!
  1503 | D:6      | Reached XP level 5. HP: 34/53 MP: 4/4
  1551 | D:6      | Noticed a centaur
  1575 | D:6      | Shot with an arrow by a centaur

Levels and vault maps discovered:
D:1:      evilmike_arrival_come_back, layout_basic,
          hangedman_abyss_or_decor_lesser_grid
D:2:      cheibrodos_old_hovel, layout_basic, first_ration
D:3:      layout_basic
D:6:      layout_loops_ring, nicolae_qazlal_general_emergency

Skill      XL: |  1  2  3  4 |
---------------+-------------+-----
Maces & Flails | 3 |  3.4
Dodging        | 3 |  3.2
Fighting       | 3 |  3.2
Stealth        | |  1.7

Action                   |  1- 3 |  4- 6 || total
-------------------------+-------+-------++-------
Melee: Mace              |   141 |    54 ||   195
 Stab: Sleeping          |     3 |     1 ||     4
  Eat: Chunk             |    16 |     1 ||    17
Armor: Robe              |    77 |    21 ||    98
Dodge: Dodged            |   102 |    38 ||   140

Table legend:
 A = Non-vault XP
 B = Vault XP
 C = Vault XP percentage of total XP
 D = Non-vault monster count
 E = Vault monster count
 F = Vault count percentage of total count
                 A         B        C        D         E       F
            +---------+---------+-------+---------+---------+-------
      Total |     209 |       2 |   0.9 |      51 |       1 |   1.9
            +---------+---------+-------+---------+---------+-------
        D:1 |      33 |       0 |   0.0 |      21 |       0 |   0.0
        D:2 |      64 |       2 |   3.0 |      23 |       1 |   4.2
        D:3 |      15 |       0 |   0.0 |       2 |       0 |   0.0
        D:6 |      97 |       0 |   0.0 |       5 |       0 |   0.0
            +---------+---------+-------+---------+---------+-------
